 Dungeon Crawl Stone Soup version 0.21.1-1-g345015fe64 (webtiles) character file.

22780 heresey83 the Quickloader (level 12, -10/119 HPs)
             Began as a Deep Dwarf Hunter on July 8, 2018.
             Was a Follower of Elyvilon.
             Mangled by a spiny frog (11 damage)
             ... on level 3 of the Lair of Beasts.
             The game lasted 02:33:55 (13826 turns).

heresey83 the Quickloader (Deep Dwarf Hunter)      Turns: 13826, Time: 02:33:56

Health: -10/119    AC: 10    Str: 18    XL:     12   Next: 66%
Magic:  10/10      EV: 10    Int: 12    God:    Elyvilon [*.....]
Gold:   841        SH:  0    Dex: 16    Spells: 11/11 levels left

rFire    + . .     SeeInvis .   B - +4 scimitar (flame)
rCold    + + .     Gourm    .   p - +4 shield
rNeg     + . .     Faith    .   Q - +3 leather armour {rN+}
rPois    +         Spirit   .   y - +1 helmet
rElec    +         Reflect  .   I - +0 cloak {MR+}
rCorr    +         Harm     .   (no gloves)
MR       ++...                  (no boots)
Stlth    ++++......             H - amulet of magic regeneration
HPRegen  0.00/turn              v - ring of poison resistance
MPRegen  0.37/turn              k - +3 ring of evasion

@: lethally poisoned (-10 -> -10), resistant, protection, held, non-regenerating
A: damage resistance, heal wounds, cold resistance 1, sense surroundings 2,
robust 1, wild magic 1, no regeneration
a: Heal Wounds, Lesser Healing, Divine Protection, Renounce Religion


You were on level 3 of the Lair of Beasts.
You worshipped Elyvilon.
Elyvilon was aware of your devotion.
You were not hungry.

You visited 3 branches of the dungeon, and saw 15 of its levels.

You collected 841 gold pieces.

Inventory:

Hand Weapons
 a - a +2 hand crossbow
 i - a +4 dagger of freezing
 B - a +4 scimitar of flaming (weapon)
 J - a +4 falchion of holy wrath
 M - a +3 war axe
 V - the +1 spear "Foillodo" {venom, rElec rPois SInv}
   (You found it on level 1 of the Lair of Beasts)

   It poisons the flesh of those it strikes.
   It insulates you from electricity.
   It protects you from poison.
   It lets you see invisible.
 X - a +0 blowgun
Missiles
 d - 63 bolts
 m - 8 poisoned tomahawks (quivered)
 q - 82 poisoned needles
 x - a throwing net
 C - 8 curare-tipped needles
Armour
 p - a +4 shield (worn)
 y - a +1 helmet (worn)
 z - a scarf of repulsion
 I - a +0 cloak of magic resistance (worn)
 Q - a +3 leather armour of positive energy (worn)
Magical Staves
 P - an uncursed staff of power
Jewellery
 k - a +3 ring of evasion (right hand)
 s - an uncursed ring of protection from cold
 v - a ring of poison resistance (left hand)
 D - a +4 ring of intelligence
 H - an amulet of magic regeneration (around neck)
Wands
 w - a wand of iceblast (5)
 G - a wand of acid (9)
 R - a wand of paralysis (14)
 T - a wand of flame (16)
Scrolls
 h - 4 scrolls of teleportation
 r - 4 scrolls of remove curse
 F - a scroll of fear
 L - a scroll of identify
 O - 7 scrolls of blinking
 S - a scroll of silence
Potions
 b - 2 potions of cancellation
 g - 6 potions of resistance
 n - a potion of brilliance
 E - a potion of magic
 K - 2 potions of flight
 N - 2 potions of agility
 U - 2 potions of berserk rage
Books
 o - a book of Party Tricks

   Spells                             Type                      Level
   a - Summon Butterflies             Summoning                    1
   b - Apportation                    Translocation                1
   c - Lesser Beckoning               Translocation                3
   d - Tukima's Dance                 Hexes                        3
   e - Alistair's Intoxication        Transmutation/Poison         5
   f - Invisibility                   Hexes                        6
 u - a book of Callings

   Spells                             Type                      Level
   a - Summon Small Mammal            Summoning                    1
   b - Call Imp                       Summoning                    2
   c - Call Canine Familiar           Summoning                    3
   d - Summon Guardian Golem          Hexes/Summoning              3
   e - Summon Lightning Spire         Summoning/Air                4
   f - Summon Ice Beast               Ice/Summoning                4
 Z - a book of Clouds

   Spells                             Type                      Level
   a - Poisonous Vapours              Poison/Air                   2
   b - Mephitic Cloud                 Conjuration/Poison/Air       3
   c - Conjure Flame                  Conjuration/Fire             3
   d - Freezing Cloud                 Conjuration/Ice/Air          6
   e - Ring of Flames                 Charms/Fire                  7
Miscellaneous
 c - a fan of gales (inert)
 A - a crystal ball of energy
Comestibles
 f - 10 rations
 j - 7 chunks of flesh


   Skills:
 + Level 7.1 Fighting
 - Level 0.7(4.3) Short Blades
 * Level 7.6(7.7) Long Blades
 - Level 5.8 Axes
 + Level 11.1 Crossbows
 + Level 8.0 Armour
 + Level 8.2 Dodging
 + Level 9.5 Stealth
 * Level 9.3 Shields


You had 11 spell levels left.
You didn't know any spells.

Dungeon Overview and Level Annotations

Branches:
Dungeon (11/15)            Temple (1/1) D:5            Lair (3/6) D:11
    Orc (0/2) D:10
  Swamp: Lair:2-4    Shoals: Lair:2-4     Snake: Lair:2-4    Spider: Lair:2-4

Altars:
Ashenzari
Cheibriados
Dithmenos
Elyvilon
Fedhas
Gozag
Hepliaklqana
Kikubaaqudgha
Makhleb
Nemelex Xobeh
Okawaru
Qazlal
Ru
Sif Muna
Trog
Uskayaw
Vehumet
Wu Jian
Xom
Yredelemnul
Zin
The Shining One
Beogh

Shops:
D:9 [

Annotations:
Lair:1 exclusion: oklob plant


Innate Abilities, Weirdness & Mutations

You are resistant to damage.
You can heal yourself by infusing magical energy.
You passively map the area around you.
You do not regenerate.
Your flesh is cold resistant. (rC+)
You are robust. (+10% HP)
Your spells are a little harder to cast, but a little more powerful.


Message History

You feel protected.
The dream sheep bites you but does no damage.
The jumping spider pounces on you.
* * * LOW HITPOINT WARNING * * *
The jumping spider bites you. The dream sheep barely misses you.
You riposte.
You hit the dream sheep. You burn the dream sheep.
The dream sheep is moderately wounded.
The dream sheep bites you!
* * * LOW HITPOINT WARNING * * *
The spiny frog closely misses you.
You riposte.
You closely miss the spiny frog.
You beseech Elyvilon to protect your life.
The redback barely misses you.
The jumping spider barely misses you. x2
The dream sheep bites you! Elyvilon protects you from harm!
The dream sheep bites you but does no damage.
The redback bites you but does no damage.
The dream sheep bites you but does no damage.
The spiny frog stings you!
You die...

* , #..... ##.....
#...... #......## *
#......## ## * , *
##.......######.####*
* ,
......Y.....(.......
, ,,
(....Fs@Y..........(
, ,
......sFY..((..(....
,
,.......)..(..†......
, , ,
(................)..
, , ,, ,
(....(..†.........(.
, , ,
....(...####.####P##
, * * *##......# ###
# * #......## ***
##.....


You could see 2 spiny frogs, a jumping spider, a redback and 3 dream sheep.

Vanquished Creatures
  A hydra (Lair:2)
  Erica (Lair:1)
  3 two-headed ogres
  An unseen horror (D:10)
  A manticore (D:11)
  An ugly thing (D:11)
  A cyclops (D:11)
  3 black mambas (Lair:2)
  The ghost of Kohma the Covert, a novice VSAs of Uskayaw (D:6)
  3 spiny frogs
  6 komodo dragons
  A queen bee (D:9)
  2 trolls (D:10)
  4 blink frogs (Lair:3)
  A hornet (D:10)
  5 hippogriffs
  A dream sheep (Lair:2)
  Sigmund (D:4)
  A shadow (D:11)
  2 wyverns
  A hungry ghost (D:9)
  A steam dragon (D:11)
  18 yaks
  2 vampire mosquitoes (D:10)
  3 water moccasins
  The ghost of Salt the Conjurer, an amateur DECj (D:4)
  2 porcupines (Lair:1)
  2 ice beasts
  An eye of draining (D:11)
  2 orc warriors
  2 sky beasts (D:10)
  2 phantoms (D:10)
  A necrophage (D:10)
  6 centaurs
  2 ogres
  6 crocodiles
  11 wolves
  Blork the orc (D:4)
  2 big kobolds (D:10)
  13 bullfrogs
  A wyvern zombie (D:8)
  2 scorpions
  18 killer bees
  4 howler monkeys
  9 crimson imps
  A bullfrog zombie (D:9)
  A quasit (D:11)
  A centaur zombie (D:10)
  7 hounds
  3 jellies
  A bullfrog skeleton (D:9)
  8 orc priests
  7 orc wizards
  3 centaur skeletons
  2 iguanas
  5 worker ants
  A killer bee zombie (D:6)
  10 adders
  3 shadow imps
  An adder zombie (D:7)
  3 worms
  A dart slug (D:1)
  11 leopard geckos
  45 orcs
  7 giant cockroaches
  8 goblins
  7 hobgoblins
  6 jackals
  14 kobolds
  8 quokkas
  3 ball pythons
  2 bats (D:2)
  3 frilled lizards
  A leopard gecko zombie (D:5)
  A quokka skeleton (D:5)
  9 rats
336 creatures vanquished.

Vanquished Creatures (others)
  A plant (Lair:3)
1 creature vanquished.

Grand Total: 337 creatures vanquished

Notes
Turn   | Place    | Note
-------+----------+-------------------------------------------
     0 | D:1      | heresey83 the Deep Dwarf Hunter began the quest for the Orb.
     0 | D:1      | Reached XP level 1. HP: 19/19 MP: 1/1
   395 | D:1      | Reached XP level 2. HP: 26/26 MP: 2/2
   577 | D:1      | Reached skill level 5 in Crossbows
  1008 | D:2      | Reached XP level 3. HP: 24/32 MP: 3/3
  1585 | D:2      | Reached skill level 1 in Armour
  1646 | D:2      | Reached XP level 4. HP: 21/39 MP: 4/4
  2220 | D:3      | Reached skill level 1 in Shields
  2220 | D:3      | Reached XP level 5. HP: 25/46 MP: 5/5
  2276 | D:3      | Learned a level 1 spell: Summon Small Mammal
  2487 | D:3      | Gained mutation: You are dopey. (Int -2) [mutagenic glow]
  2854 | D:4      | Reached skill level 6 in Crossbows
  2871 | D:4      | Noticed Salt's ghost (amateur DECj)
  2885 | D:4      | Killed Salt's ghost
  2885 | D:4      | Reached skill level 1 in Axes
  2885 | D:4      | Reached XP level 6. HP: 21/55 MP: 6/6
  3026 | D:4      | Noticed Blork the orc
  3032 | D:4      | Killed Blork the orc
  3205 | D:4      | Noticed Sigmund
  3216 | D:4      | Killed Sigmund
  3216 | D:4      | Reached XP level 7. HP: 31/62 MP: 7/7
  3237 | D:4      | Noticed a hippogriff
  3249 | D:4      | HP: 2/62 [hippogriff (2)]
  3253 | D:4      | Killed a hippogriff
  3435 | D:5      | Entered Level 5 of the Dungeon
  3452 | D:5      | Reached skill level 7 in Crossbows
  3599 | D:5      | Found a staircase to the Ecumenical Temple.
  3610 | Temple   | Entered the Ecumenical Temple
  3802 | Temple   | Became a worshipper of Elyvilon the Healer
  4136 | D:5      | Reached * piety under Elyvilon
  4275 | D:5      | Reached XP level 8. HP: 57/69 MP: 8/8
  4678 | D:6      | Noticed Kohma's ghost (novice VSAs)
  4703 | D:6      | Killed Kohma's ghost
  5290 | D:6      | Reached ** piety under Elyvilon
  5353 | D:6      | Reached skill level 8 in Crossbows
  6020 | D:7      | Reached skill level 1 in Long Blades
  6020 | D:7      | Gained mutation: You passively map the area around you. [Deep Dwarf growth]
  6020 | D:7      | Reached XP level 9. HP: 73/78 MP: 9/9
  6071 | D:7      | Reached *** piety under Elyvilon
  6220 | D:8      | Reached skill level 5 in Stealth
  6640 | D:8      | Noticed an angel
  6641 | D:8      | Found a shimmering altar of Xom.
  6648 | D:8      | Found a glowing silver altar of Zin.
  6775 | D:8      | Reached skill level 5 in Dodging
  7253 | D:9      | Reached skill level 9 in Crossbows
  7273 | D:9      | Noticed a queen bee
  7326 | D:9      | Killed a queen bee
  7472 | D:9      | Found Zyiga's Antique Armour Boutique.
  7522 | D:9      | Reached skill level 5 in Armour
  7552 | D:9      | Reached skill level 5 in Shields
  7710 | D:9      | Reached **** piety under Elyvilon
  8205 | D:10     | Entered Level 10 of the Dungeon
  8247 | D:10     | Reached XP level 10. HP: 82/87 MP: 10/10
  8284 | D:10     | Reached skill level 5 in Fighting
  8479 | D:10     | Reached skill level 5 in Axes
  8644 | D:10     | Found a staircase to the Orcish Mines.
  8817 | D:10     | Killed an unseen horror
  8852 | D:10     | Noticed a two-headed ogre
  8866 | D:10     | Killed a two-headed ogre
  8866 | D:10     | Reached skill level 10 in Crossbows
  9042 | D:10     | Found a roughly hewn altar of Beogh.
  9246 | D:10     | Found an ornate altar of the Wu Jian Council.
  9875 | D:10     | Found a white marble altar of Elyvilon.
 10236 | D:11     | Noticed a manticore
 10237 | D:11     | Noticed a brown ugly thing
 10261 | D:11     | Killed a brown ugly thing
 10261 | D:11     | Reached XP level 11. HP: 58/97 MP: 10/10
 10324 | D:11     | Noticed a two-headed ogre
 10337 | D:11     | Killed a two-headed ogre
 10562 | D:11     | Noticed a two-headed ogre
 10607 | D:11     | Killed a two-headed ogre
 10607 | D:11     | Reached skill level 5 in Long Blades
 11121 | D:11     | Lost mutation: You are dopey. (Int -2) [potion of mutation]
 11121 | D:11     | Gained mutation: Your spells are a little harder to cast, but a little more powerful. [potion of mutation]
 11121 | D:11     | Gained mutation: You are robust. (+10% HP) [potion of mutation]
 11121 | D:11     | Gained mutation: Your flesh is cold resistant. (rC+) [potion of mutation]
 11240 | D:11     | Found a staircase to the Lair.
 11249 | Lair:1   | Entered Level 1 of the Lair of Beasts
 11477 | Lair:1   | Noticed Erica
 11528 | Lair:1   | Killed Erica
 11740 | Lair:1   | Found a radiant altar of Vehumet.
 11800 | Lair:1   | Got a jewelled spear
 11801 | Lair:1   | Identified the +1 spear "Foillodo" {venom, rElec rPois SInv} (You found it on level 1 of the Lair of Beasts)
 11846 | Lair:1   | Reached XP level 12. HP: 104/116 MP: 11/11
 12151 | Lair:2   | Noticed a four-headed hydra
 12183 | Lair:2   | Killed a one-headed hydra
 13231 | Lair:2   | Reached skill level 11 in Crossbows
 13825 | Lair:3   | HP: 1/119 [dream sheep[a torpor snail] (8)]
 13826 | Lair:3   | Elyvilon protects you from harm!
 13826 | Lair:3   | Mangled by a spiny frog

Skill      XL: |  1  2  3  4  5  6  7  8  9 10 11 12 |
---------------+-------------------------------------+-----
Crossbows      | 5 6 7 8 9 10 11 | 11.1
Fighting       | 2 3 4 5 6 7 |  7.1
Armour         | 1 2 3 4 5 6 7 8 |  8.0
Shields        | 1 2 3 4 5 6 8 9 |  9.3
Axes           | 1 2 3 4 5 |  5.8
Stealth        | 2 3 4 6 7 8 9 |  9.5
Dodging        | 3 4 5 6 7 8 |  8.2
Long Blades    | 1 2 4 6 7 |  7.6
Short Blades   | |  0.7

Action                   |  1- 3 |  4- 6 |  7- 9 | 10-12 || total
-------------------------+-------+-------+-------+-------++-------
Melee: Short sword       |    71 |       |       |       ||    71
       Hand axe          |       |    53 |   138 |    13 ||   204
       Falchion          |       |       |   192 |   500 ||   692
       Dagger            |       |       |       |     4 ||     4
       Spear             |       |       |       |   230 ||   230
       Scimitar          |       |       |       |    78 ||    78
 Fire: Hand crossbow     |    54 |    92 |   209 |   298 ||   653
Throw: Stone             |     1 |       |     2 |       ||     3
       Tomahawk          |       |       |       |     5 ||     5
 Cast: Summon Small Mamm |       |     2 |       |       ||     2
Invok: Lesser Healing    |       |       |    30 |   235 ||   265
       Greater Healing   |       |       |       |     4 ||     4
       Divine Protection |       |       |       |     1 ||     1
 Abil: Heal Wounds       |       |     1 |     1 |     5 ||     7
Evoke: Wand              |       |       |       |    20 ||    20
       Fan of gales      |       |       |       |     1 ||     1
  Use: Scroll            |     4 |     5 |    13 |    14 ||    36
       Potion            |       |       |     4 |    11 ||    15
 Stab: Sleeping          |       |       |     1 |       ||     1
  Eat: Chunk             |     2 |     6 |     9 |    36 ||    53
       Ration            |       |       |     5 |     6 ||    11
Armor: Ring mail         |    32 |       |       |       ||    32
       Leather armour    |       |    21 |    86 |   191 ||   298
Dodge: Dodged            |    31 |    27 |   236 |   569 ||   863
Block: Shield            |    32 |    30 |   224 |   689 ||   975
       Rpst.: Falchion   |       |       |    37 |    76 ||   113
       Scimitar          |       |       |       |    19 ||    19
